 Dungeon Crawl Stone Soup version 0.24.0-37-gcf1ca852f1 (webtiles) character file.

Game seed: 8096768415228936678, levelgen mode: deterministic

264 Goreval the Cudgeler (level 5, 0/47 HPs)
             Began as a Minotaur Fighter on Dec 3, 2019.
             Succumbed to an orc wizard's poison
             ... on level 3 of the Dungeon.
             The game lasted 00:03:12 (1946 turns).

Goreval the Cudgeler (Minotaur Fighter)             Turns: 1946, Time: 00:03:12

Health: 0/47       AC: 12    Str: 19 (21) XL:     5   Next: 98%
Magic:  4/4        EV:  3    Int:  2 (5)  God:
Gold:   134        SH:  9    Dex:  7 (10) Spells: 4/4 levels left

rFire    . . .     SeeInvis .   a - +0 flail
rCold    . . .     Gourm    .   c - +0 shield
rNeg     . . .     Faith    .   n - +0 plate armour
rPois    .         Spirit   .   (helmet restricted)
rElec    .         Reflect  .   (no cloak)
rCorr    .         Harm     .   (no gloves)
MR       .....                  (no boots)
Stlth    ..........             (no amulet)
HPRegen  0.15/turn              (no ring)
MPRegen  0.09/turn              (no ring)

@: lethally poisoned (0 -> -40), slowed, very slow
A: retaliatory headbutt, horns 2
a: no special abilities


You were on level 3 of the Dungeon.
You were hungry.

You visited 1 branch of the dungeon, and saw 3 of its levels.

You collected 134 gold pieces.

Inventory:

Hand Weapons
 a - a +0 flail (weapon)
Missiles
 e - 50 stones (quivered)
Armour
 b - a +0 scale mail
 c - a +0 shield (worn)
 i - a +0 chain mail
 n - a +0 plate armour (worn)
Jewellery
 m - an uncursed ring of see invisible {unknown}
 p - a +2 ring of protection {unknown}
Wands
 r - a wand of flame (17)
Scrolls
 g - 2 scrolls of fog {unknown}
 h - a scroll of remove curse {unknown}
 o - 2 scrolls of teleportation {unknown}
 q - a scroll of enchant armour {unknown}
 u - a scroll of identify {unknown}
Potions
 d - a potion of might
 j - a potion of degeneration
 k - a potion of agility {unknown}
 l - a potion of heal wounds
 t - a potion of haste {unknown}
Comestibles
 f - 5 rations
 s - 3 chunks of flesh


   Skills:
 + Level 4.8 Fighting
 * Level 5.1 Maces & Flails
 + Level 4.8 Armour
 + Level 4.8 Shields


You had 4 spell levels left.
You didn't know any spells.
Your spell library was empty.

Dungeon Overview and Level Annotations

Branches:
Dungeon (3/15)

Altars:


Innate Abilities, Weirdness & Mutations

You reflexively headbutt those who attack you in melee.
You have a pair of horns on your head.


Message History

The orc wizard hits you but does no damage.
You are more poisoned.
The orc hits you but does no damage.
The orc wizard hits you but does no damage.
You are more poisoned.
The orc wizard casts a spell.
The orc wizard blinks!
The orc barely misses you. You furiously retaliate!
You headbutt the orc.
Okay, then.
Unknown command.
It was a potion of degeneration.
There was something very wrong with that liquid.
You feel weakened.
You feel dopey.
You feel clumsy.
* * * LOW HITPOINT WARNING * * *
You feel very sick. You block the orc's attack.
You closely miss the orc.
You die...

####............
#...รท##......
####....#....###
..........##...
.####.o.### ....
...####.....#.#..#
..................
.#####.)..)..#..
#@).......#
#o##.####.>.
..#..# ##. .....##
.#### .. .. .#


You could see an orc wizard and an orc.

Vanquished Creatures
  Sigmund (D:2)
  Natasha (D:2)
  Terence (D:2)
  2 adders (D:2)
  2 dart slugs
  A leopard gecko (D:2)
  2 orcs (D:3)
  2 ball pythons
  2 giant cockroaches (D:1)
  2 goblins
  3 hobgoblins
  5 bats
  6 frilled lizards
  4 kobolds
  5 rats
39 creatures vanquished.

Notes
Turn   | Place    | Note
-------+----------+-------------------------------------------
     0 | D:1      | Goreval the Minotaur Fighter began the quest for the Orb.
     0 | D:1      | Reached XP level 1. HP: 19/19 MP: 0/0
   215 | D:1      | Reached XP level 2. HP: 27/27 MP: 1/1
   394 | D:1      | Reached skill level 3 in Maces & Flails
   976 | D:2      | Reached XP level 3. HP: 30/33 MP: 2/2
  1179 | D:2      | Noticed Terence
  1194 | D:2      | Killed Terence
  1309 | D:2      | Noticed Sigmund
  1328 | D:2      | Killed Sigmund
  1328 | D:2      | Reached skill level 4 in Maces & Flails
  1328 | D:2      | Reached XP level 4. HP: 31/41 MP: 3/3
  1328 | D:2      | Reached XP level 5. HP: 36/47 MP: 4/4
  1615 | D:2      | Noticed Natasha
  1621 | D:2      | Killed Natasha
  1621 | D:2      | Reached skill level 5 in Maces & Flails
  1946 | D:3      | Succumbed to an orc wizard's poison

Levels and vault maps discovered:
D:1:      minmay_arrival_cross, layout_loops_ring, minmay_misc_feat_columns,
          nrook_uturn
D:2:      layout_basic, serial_corexii_hall, corexii_hall_statues_u,
          corexii_hall_statues_t, chequers_hall_statues_corner_a,
          chequers_hall_statues_wall_a, corexii_hall_statues_i,
          corexii_hall_statues_i, first_ration, uniq_terence, uniq_sigmund,
          uniq_natasha
D:3:      layout_rooms, nicolae_overflow_crystal_walls, uniq_robin

Skill      XL: |  1  2  3  4  5 |
---------------+----------------+-----
Maces & Flails | 3 4 5 |  5.1
Fighting       | 4 |  4.8
Armour         | 4 |  4.8
Shields        | 4 |  4.8

Action                   |  1- 3 |  4- 6 || total
-------------------------+-------+-------++-------
Melee: Flail             |   116 |    41 ||   157
       Headbutt          |    18 |     3 ||    21
  Use: Potion            |       |     2 ||     2
  Eat: Chunk             |     1 |     2 ||     3
Armor: Scale mail        |    13 |       ||    13
       Chain mail        |    23 |       ||    23
       Plate armour      |    35 |    36 ||    71
Dodge: Dodged            |    25 |    10 ||    35
Block: Shield            |    63 |    29 ||    92
